 Seeded DCSS version 0.29.1-15-g9cfb28693d (webtiles) character file.

Game seed: 8848703615492432762 (custom seed)

168 Psyclone the Conjurer (level 5, -2/28 HPs)
             Began as a Deep Elf Conjurer on Sept 24, 2023.
             Slain by a black bear (5 damage)
             ... on level 3 of the Dungeon.
             The game lasted 00:04:12 (2674 turns).

Psyclone the Conjurer (Deep Elf Conjurer)           Turns: 2674, Time: 00:04:13

Health: -2/28      AC:  2    Str:  4    XL:     5   Next: 23%
Magic:  4/13       EV: 13    Int: 25    God:
Gold:   97         SH:  0    Dex: 13    Spells: 5/12 levels left

rFire   . . .      SeeInvis .   g - +0 dagger
rCold   . . .      Faith    .   (no shield)
rNeg    . . .      Spirit   .   a - +0 robe
rPois   .          Reflect  .   (no helmet)
rElec   .          Harm     .   (no cloak)
rCorr   .          Rampage  .   (no gloves)
Will    .....                   (no boots)
Stlth   +++.......              (no amulet)
HPRegen 0.09/turn               (no ring)
MPRegen 0.13/turn               (no ring)

@: no status effects
A: no striking features
a: no special abilities


You were on level 3 of the Dungeon.
You visited 1 branch of the dungeon, and saw 3 of its levels.

You collected 97 gold pieces.

Inventory:

Hand Weapons
 g - a +0 dagger (weapon)
Armour
 a - a +0 robe (worn)
Wands
 l - a wand of flame (24)
Scrolls
 c - 2 scrolls of teleportation {unknown}
 e - a scroll of noise {unknown}
 j - a scroll of silence {unknown}
 k - a scroll of summoning {unknown}
 m - a scroll of enchant armour {unknown}
Potions
 b - a potion of magic
 d - a potion of berserk rage {unknown}
 f - 2 potions of experience {unknown}
 h - 2 potions of curing {unknown}
 i - 2 potions of brilliance {unknown}
 n - a potion of might {unknown}


   Skills:
 - Level 3.8 Dodging
 - Level 4.1 Stealth
 + Level 4.4 Spellcasting
 + Level 5.2 Conjurations


You had 5 spell levels left.
You knew the following spells:

 Your Spells              Type           Power      Damage    Failure   Level
a - Magic Dart            Conj           100%       1d8       1%          1
b - Searing Ray           Conj           62%        2d6       1%          2
d - Fulminant Prism       Conj/Hex       9%         3d7       30%         4

Your spell library contained the following spells:

 Spells                   Type           Power      Damage    Failure   Level
 Static Discharge         Conj/Air       18%        3-6/arc   4%          2
 Dazzling Flash           Conj/Hex       36%        N/A       9%          3
 Scorch                   Fire           10%        2d6       13%         2
 Sublimation of Blood     Necr           5%         N/A       13%         2
 Flame Wave               Conj/Fire      18%        2d7       30%         4
 Iskenderun's Mystic Bla  Conj/Tloc      18%        2d6       30%         4
 Sticky Flame             Conj/Fire      18%        2d4       30%         4
 Anguish                  Hex/Necr       2%         N/A       65%         4
 Animate Dead             Necr           5%         N/A       65%         4
 Dispel Undead            Necr           5%         3d7       65%         4
 Summon Cactus Giant      Summ           2%         N/A       100%        6
 Borgnjor's Revivificati  Necr           2%         N/A       100%        8


Dungeon Overview and Level Annotations

Branches:
Dungeon (3/15) Zot: 15326

Altars:


Message History

Confirm with . or Enter, or press ? or * to list all spells.
Aiming: Searing Ray (safe; 1% risk of failure)
Press: ? - help, Shift-Dir - straight line, f - black bear
Aim: a black bear (wandering, hasn't noticed you, 85% to hit)
The searing ray hits the black bear!
The black bear is moderately wounded. (Press . to maintain the ray.)
You now have 11/13 mp.
The searing ray hits the black bear.
The black bear is heavily wounded.
You now have 10/13 mp.
You now have 9/13 mp.
The searing ray misses the black bear.
You finish channelling your searing ray.
You now have 8/13 mp.
Casting: Searing Ray (safe; 1% risk of failure)
Confirm with . or Enter, or press ? or * to list all spells.
Aiming: Searing Ray (safe; 1% risk of failure)
Press: ? - help, Shift-Dir - straight line, f/p - black bear
Aim: a black bear (heavily wounded, 85% to hit)
The searing ray hits the black bear.
The black bear is severely wounded. (Press . to maintain the ray.)
The black bear goes berserk!
You now have 6/13 mp.
The searing ray hits the black bear!
The black bear is almost dead.
The black bear rages.
The searing ray misses the black bear.
The black bear bites you. The black bear closely misses you.
The black bear claws you. The black bear bites you! The black bear claws you.
* * * LOW HITPOINT WARNING * * *
The black bear claws you.
* * * LOW HITPOINT WARNING * * *
You take 25 damage, and have 3/28 hp.
MASSIVE DAMAGE!!
You now have 5/13 mp.
The searing ray hits the black bear.
The black bear is almost dead.
You finish channelling your searing ray.
The black bear bites you.
You die...

#..........#
#.#
#..........#
#.#
#.#.....#.#
#.# # ##
#.###.#.# #.#
###... #.#
#.#.# #[#
...#. #.#
#.#.# #.# ..>
#.# #.#.# #.#
#.###.###.#.#
#.#
#..h@.....#
#.#
#.###.#####
#.# ... #.#
#.# ..... #.#
#.# .......
#.# #.#
...#... ..#
#.# ...#...
..# #.# #.
##.# ... #.#
#.#


You could see a black bear (berserk).

Vanquished Creatures
  Natasha (thrice) (D:2)
  3 adders (D:2)
  3 worms (D:2)
  A dart slug (D:1)
  An orc (D:3)
  5 endoplasms
  A giant cockroach (D:1)
  6 goblins
  4 hobgoblins
  2 jackals (D:1)
  A quokka (D:1)
  5 ball pythons
  5 bats
  2 frilled lizards (D:1)
  5 kobolds
  7 rats
54 creatures vanquished.

Notes
Turn   | Place    | Note
-------+----------+-------------------------------------------
     0 | D:1      | Psyclone the Deep Elf Conjurer began the quest for the Orb.
     0 | D:1      | Reached XP level 1. HP: 10/10 MP: 6/6
   507 | D:1      | Reached XP level 2. HP: 15/15 MP: 2/8
   580 | D:1      | Learned a level 2 spell: Searing Ray
   980 | D:1      | Reached XP level 3. HP: 19/19 MP: 7/10
  1825 | D:2      | Reached XP level 4. HP: 22/24 MP: 5/11
  1918 | D:2      | Noticed Natasha
  1923 | D:2      | Killed Natasha
  1924 | D:2      | Reached skill level 5 in Conjurations
  2042 | D:2      | Noticed Natasha
  2046 | D:2      | Killed Natasha
  2118 | D:2      | Noticed Natasha
  2124 | D:2      | Killed Natasha
  2125 | D:2      | Reached XP level 5. HP: 18/28 MP: 8/13
  2322 | D:2      | Got the Catalogue of Evil and the Blaze
  2483 | D:2      | Learned a level 4 spell: Fulminant Prism
  2664 | D:3      | Noticed a black bear
  2674 | D:3      | Slain by a black bear

Illustrated notes

Levels and vault maps discovered:
D:1:      minmay_arrival_widening_spiral_wide, layout_basic
D:2:      layout_loops_ring, kennysheep_nondescript, uniq_natasha
D:3:      layout_basic, hangedman_decor_lopped, kennysheep_generic_room_9

Skill      XL: |  1  2  3  4 |
---------------+-------------+-----
Stealth        | 3 4 |  4.1
Dodging        | 3 |  3.8
Spellcasting   | 4 |  4.4
Conjurations   | 5 |  5.2

Action                   |  1- 3 |  4- 6 || total
-------------------------+-------+-------++-------
Melee: Dagger            |     4 |       ||     4
 Cast: Magic Dart        |    79 |     7 ||    86
       Searing Ray       |     5 |     9 ||    14
Armor: Robe              |     3 |     1 ||     4
Dodge: Dodged            |     9 |     1 ||    10
